AoeStats
← alek66

Black Forest

510803852Analyzed
3v3 RM · 1d ago on Oct 2, 2026· 30m 13s· 6 players
Game mode
Random Map
Map size
Normal (6 player)
Population
200
Speed
Normal
Resources
Standard
Victory
Conquest
Starting age
Dark Age
Ending age
Imperial Age
RankedLock teamsTeams togetherTeam positionsShared explorationLock speedFull tech treeHidden civsTurbo modeCheats
Victory
Defeat
🇷🇺 Vikings · Russia
1173
+14
🇷🇺 Vietnamese · Russia
1172
+14
🇷🇺 Poles · Russia
1078
+19
🇷🇺 Vikings · Russia
1187
-17
🇵🇸 Japanese · Palestinian Territories
1110
-15
🇸🇬 Slavs · Singapore
1108
-15
RusEKB66
0:27 Loom
13:00 Feudal Age
14:54 Double-Bit Axe
15:59 Fletching
17:16 Horse Collar
23:16 Castle Age
22:34 Gold Mining
22:37 Stone Mining
22:57 Padded Archer Armor
24:47 Bow Saw
24:40 Heavy Plow
25:23 Stone Shaft Mining
24:45 Bodkin Arrow
26:33 Wheelbarrow
25:56 Crossbowman
29:23 Hand Cart
Linguist
0:46 Loom
11:43 Feudal Age
12:43 Man-at-Arms
14:11 Scale Mail Armor
14:23 Forging
14:41 Double-Bit Axe
14:40 Horse Collar
22:46 Castle Age
21:04 Gold Mining
22:26 Arson
22:52 Horse Collar
23:11 Long Swordsman
24:03 Bow Saw
24:44 Chain Mail Armor
29:03 Squires
29:55 Iron Casting
29:36 Town Watch
alek66
0:29 Loom
15:13 Feudal Age
21:26 Double-Bit Axe
22:09 Horse Collar
24:50 Stone Mining
32:14 Castle Age
Firas
0:31 Loom
and0ng
12:25 Feudal Age
12:28 Man-at-Arms
14:18 Forging
14:09 Scale Mail Armor
17:22 Scale Barding Armor
18:23 Loom
18:56 Fletching
22:55 Horse Collar
25:55 Double-Bit Axe
26:55 Stone Mining
29:06 Gold Mining
Vini
10:54 Feudal Age
12:40 Loom
15:05 Castle Age
14:32 Horse Collar
15:19 Double-Bit Axe
22:40 Scale Mail Armor
24:07 Town Watch
25:56 Chain Mail Armor
25:51 Forging
29:34 Bow Saw
Connection lost

Rejoining the realm…

Still unreachable

The connection could not be restored.

Session expired

The server has moved on; the page needs a fresh start.